AoeStats
← The Goated Grandpa

Arabia

510439100Analyzed
1v1 RM · 2d ago on Oct 1, 2026· 47m 23s· 2 players
Game mode
Random Map
Map size
Tiny (2 player)
Population
200
Speed
Normal
Resources
Standard
Victory
Conquest
Starting age
Dark Age
Ending age
Imperial Age
RankedLock teamsTeams togetherTeam positionsShared explorationLock speedFull tech treeHidden civsTurbo modeCheats
Victory
Defeat
🇺🇸 Berbers · United States
1392
+15
🇨🇳 Celts · China
1371
-15
星•野
8:45 Loom
11:05 Feudal Age
14:58 Castle Age
28:34 Wheelbarrow
36:01 Town Watch
45:33 Imperial Age
The Goated Grandpa
7:35 Loom
12:45 Feudal Age
17:24 Castle Age
16:01 Double-Bit Axe
30:23 Fletching
30:22 Horse Collar
33:08 Bodkin Arrow
35:41 Bloodlines
37:00 Wheelbarrow
36:55 Gold Mining
37:23 Stone Mining
37:48 Bow Saw
39:20 Padded Archer Armor
40:30 Husbandry
45:33 Imperial Age
43:18 Kasbah
44:07 Ballistics
43:58 Heavy Plow
43:44 Light Cavalry
44:30 Scale Barding Armor
44:36 Forging
45:45 Masonry
45:44 Thumb Ring
46:27 Bracer
47:29 Chemistry
Connection lost

Rejoining the realm…

Still unreachable

The connection could not be restored.

Session expired

The server has moved on; the page needs a fresh start.